 Dungeon Crawl Stone Soup version 0.16-a0-4088-g7c8221e (webtiles) character file.

9707 PolkaDot the Fighter (level 11, -5/107 HPs)
             Began as a Red Draconian Monk on Feb 23, 2015.
             Was a Follower of Lugonu.
             Slain by a komodo dragon (26 damage)
             ... on level 1 of the Lair of Beasts.
             The game lasted 00:31:48 (8814 turns).

PolkaDot the Fighter (Red Draconian Monk)           Turns: 8814, Time: 00:31:48

Health: -5/107     AC: 13    Str: 11    XL:     11   Next: 26%
Magic:  11/11      EV: 19    Int:  7    God:    Lugonu [*.....]
Gold:   409        SH:  0    Dex: 23    Spells: 0 memorised, 10 levels left

rFire  . . .     SeeInvis .       - Unarmed
rCold  + . .     Clarity  .     (armour unavailable)
rNeg   + . .     SustAb   .     (no shield)
rPois  +         Gourm    .     (helmet restricted)
rElec  +         Spirit   .     y - +2 cloak {MR+}
rCorr  .         Warding  +     (no gloves)
rMut   .         Stasis   .     C - +2 pair of boots
MR     +....                    F - amulet of warding
Stlth  ++........               j - ring of poison resistance
                                i - ring of ice

@: somewhat resistant to hostile enchantments, unstealthy
A: breathe fire, unfitting armour, fire resistance 1, electricity resistance,
eyeballs 1, tendrils, cold-blooded, AC +7
a: Breathe Fire, Depart the Abyss, Renounce Religion


You were on level 1 of the Lair of Beasts.
You worshipped Lugonu.
Lugonu was aware of your devotion.
You were not hungry.

You visited 2 branches of the dungeon, and saw 9 of its levels.
You visited the Abyss 1 time.
You also visited: Sewer.

You collected 409 gold pieces.

Inventory:

Armour
 y - a +2 cloak of magic resistance (worn)
 C - a +2 pair of boots (worn)
Jewellery
 i - a ring of ice (left hand)
 j - a ring of poison resistance (right hand)
 r - a +3 ring of evasion
 F - an amulet of warding (around neck)
Magical devices
 p - a wand of flame (31)
Scrolls
 d - a scroll of blinking
 e - a scroll of immolation
 f - a scroll of teleportation
 h - a scroll of identify
 l - a scroll of enchant armour
 m - a scroll of noise
 o - 4 scrolls of fog
 s - a scroll of amnesia {unknown}
 t - a scroll of enchant weapon {unknown}
 u - 2 scrolls of recharging
 v - 3 scrolls of remove curse {unknown}
 w - 2 scrolls of fear {unknown}
 z - a scroll of holy word {unknown}
Potions
 a - 2 potions of restore abilities
 A - a potion of berserk rage
Books
 k - a book of Clouds

   Spells                             Type                      Level
   a - Mephitic Cloud                 Conjuration/Poison/Air       3
   b - Conjure Flame                  Conjuration/Fire             3
   c - Poisonous Cloud                Conjuration/Poison/Air       6
   d - Freezing Cloud                 Conjuration/Ice/Air          6
   e - Ring of Flames                 Charms/Fire                  7
 E - a book of Summonings

   Spells                             Type                      Level
   a - Abjuration                     Summoning                    3
   b - Recall                         Summoning/Translocation      3
   c - Shadow Creatures               Summoning                    5
   d - Summon Demon                   Summoning                    5
   e - Summon Forest                  Summoning/Translocation      5
   f - Monstrous Menagerie            Summoning                    6
Comestibles
 b - 4 bread rations
 c - 3 meat rations
 g - a beef jerky
 q - 5 fruits
 x - a slice of pizza


   Skills:
 + Level 13.6 Fighting
 + Level 7.4 Dodging
 - Level 1.7 Stealth
 * Level 11.4 Unarmed Combat


You had 10 spell levels left.
You didn't know any spells.

Dungeon Overview and Level Annotations

Branches:
Dungeon (8/15)             Temple (0/1) D:4            Lair (1/8) D:8

Altars:
Cheibriados
Dithmenos
Kikubaaqudgha
Okawaru
Sif Muna
Vehumet
Jiyva

Shops:
D:5 *   D:6 !


Innate Abilities, Weirdness & Mutations

You can breathe blasts of fire.
Your fiery red scales are hard (AC +7).
Your body does not fit into most forms of armour.
Your flesh is heat resistant.
Your cold-blooded metabolism reacts poorly to cold.
You are resistant to electric shocks.
Your body is partially covered in golden eyeballs (Acc +3).
Thin tendrils of slime have grown from your body.


Message History

The blink frog hits you!
* * * LOW HITPOINT WARNING * * *
The blink frog closely misses you.
You are too injured to fight recklessly!
You hit the komodo dragon but do no damage.
You punch the komodo dragon.
The komodo dragon is lightly wounded.
The blink frog completely misses you. The komodo dragon bites you!
* * * LOW HITPOINT WARNING * * *
The blink frog blinks!
The blink frog barely misses you.
The blink frog blinks!
The blink frog hits you.
* * * LOW HITPOINT WARNING * * *
The blink frog blinks!
You are too injured to fight recklessly!
You punch the komodo dragon!
The komodo dragon is moderately wounded.
The blink frog hits you.
* * * LOW HITPOINT WARNING * * *
The blink frog blinks!
The komodo dragon bites you!!
You die...

### #.### . #...##
... #....###.#.
......###§§....§..#
......P§@l†.......#
.......F.#####..>.
...F(.... ...
....#F.... # ..#
#P.$... #P......
##F...... .......
#..


You could see a komodo dragon and 4 blink frogs.

Vanquished Creatures
  A death ooze (Abyss:2)
  A black mamba (Lair:1)
  The ghost of hornqvist the Covert, an experienced SpAs of Dithmenos (D:7)
  A spiny frog (Lair:1)
  A hippogriff (D:8)
  Edmund (D:6)
  2 water moccasins
  3 ice beasts
  3 phantoms
  2 centaurs (D:6)
  7 ogres
  2 orc warriors (D:8)
  A black bear (D:8)
  2 sky beasts
  2 necrophages (D:6)
  A small abomination (Abyss:3)
  Sigmund (D:7)
  A crocodile (Sewer)
  3 giant frogs
  4 big kobolds
  Crazy Yiuf (D:5)
  11 killer bees
  7 wights (D:7)
  9 jellies
  2 crimson imps
  2 hounds (D:7)
  A wasp zombie (D:8)
  A quasit (D:5)
  A giant frog zombie (D:3)
  4 orc priests
  14 orc wizards
  3 worker ants
  A hound skeleton (D:7)
  3 gnolls
  8 adders
  A river rat (D:3)
  A shadow imp (D:8)
  4 giant mites
  7 worms
  2 adder skeletons
  A giant gecko (D:1)
  An ooze (D:1)
  35 orcs
  15 bats
  A bat skeleton (D:8)
  A giant cockroach (D:3)
  12 hobgoblins
  8 jackals
  3 quokkas
  A giant gecko skeleton (D:5)
  4 giant newts
  16 goblins
  A jackal skeleton (D:6)
  29 kobolds
  8 rats
259 creatures vanquished.

Vanquished Creatures (collateral kills)
  A large abomination (Abyss:2)
1 creature vanquished.

Vanquished Creatures (others)
  2 ogres
  2 giant frogs (D:7)
  A scorpion (D:8)
  A killer bee (D:8)
  13 jellies
  A wight (D:7)
  An orc priest (D:4)
  Natasha (thrice) (D:4)
  2 orc wizards (D:4)
  A worker ant zombie (D:7)
  An adder (D:4)
  4 gnolls
  A shadow imp (D:7)
  A worm (D:4)
  An adder skeleton (D:4)
  A giant gecko (D:4)
  2 oozes (D:4)
  9 orcs
  2 bats
  A bat skeleton (D:5)
  A goblin (D:5)
  A hobgoblin (D:4)
  2 jackals (D:5)
  2 kobolds
  3 giant cockroaches
  5 giant newts (D:4)
  A quokka zombie (D:5)
  5 rats
70 creatures vanquished.

Grand Total: 330 creatures vanquished

Notes
Turn   | Place    | Note
--------------------------------------------------------------
     0 | D:1      | PolkaDot, the Draconian Monk, began the quest for the Orb.
     0 | D:1      | Reached XP level 1. HP: 19/19 MP: 1/1
   225 | D:1      | Reached XP level 2. HP: 21/26 MP: 2/2
   680 | D:2      | Reached XP level 3. HP: 25/31 MP: 3/3
  1074 | D:2      | Found an ancient bone altar of Kikubaaqudgha.
  1397 | D:2      | Reached XP level 4. HP: 38/40 MP: 4/4
  1739 | D:2      | Reached skill level 5 in Unarmed Combat
  1752 | D:2      | Found a deep blue altar of Sif Muna.
  2051 | D:3      | Gained mutation: You occasionally shout uncontrollably at your foes. [potion of mutation]
  2051 | D:3      | Gained mutation: You are clumsy. (Dex -2) [potion of mutation]
  2051 | D:3      | Gained mutation: You sometimes yell uncontrollably at your foes. [potion of mutation]
  2230 | D:3      | Found a glowing drain.
  2232 | D:3      | Lost mutation: You sometimes yell uncontrollably at your foes. [potion of cure mutation]
  2232 | D:3      | Lost mutation: You occasionally shout uncontrollably at your foes. [potion of cure mutation]
  2232 | D:3      | Lost mutation: You are clumsy. (Dex -2) [potion of cure mutation]
  2233 | D:3      | Reached XP level 5. HP: 43/47 MP: 5/5
  2276 | Sewer    | Entered a sewer
  2603 | D:3      | Reached XP level 6. HP: 37/55 MP: 6/6
  2900 | D:3      | Noticed a big kobold
  2923 | D:3      | Killed a big kobold
  2923 | D:3      | Reached skill level 5 in Fighting
  2923 | D:3      | Reached skill level 6 in Unarmed Combat
  3583 | D:4      | Found a viscous altar of Jiyva.
  3619 | D:4      | Became a worshipper of Jiyva Joghazabb the Shapeless
  3619 | D:4      | Acquired Jiyva's first power
  3619 | D:4      | Acquired Jiyva's second power
  3872 | D:4      | Found a staircase to the Ecumenical Temple.
  3872 | D:4      | Killed Natasha
  3909 | D:4      | Gained mutation: Your natural rate of healing is unusually fast. [Jiyva's grace]
  4030 | D:4      | Killed Natasha
  4079 | D:4      | Gained mutation: Your wings are large and strong. [Jiyva's grace]
  4108 | D:4      | Killed Natasha
  4109 | D:4      | Acquired Jiyva's third power
  4478 | D:5      | Entered Level 5 of the Dungeon
  4515 | D:5      | Your scales start taking on a fiery red colour.
  4515 | D:5      | Gained mutation: Your flesh is heat resistant. [draconian maturity]
  4515 | D:5      | Reached XP level 7. HP: 59/61 MP: 7/7
  4566 | D:5      | Found a shadowy altar of Dithmenos.
  4694 | D:5      | Gained mutation: Your mind is acute. (Int +2) [Jiyva's grace]
  4700 | D:5      | Reached skill level 7 in Unarmed Combat
  4725 | D:5      | Got a faintly glowing short sword
  4726 | D:5      | Identified the +10 short sword of a labyrinth {venom, rElec} (You found it on level 5 of the Dungeon)
  4788 | D:5      | Acquired Jiyva's fourth power
  4909 | D:5      | Found Weleaw's Assorted Antiques.
  5024 | D:5      | Got a shimmering quarterstaff
  5025 | D:5      | Identified the +6 quarterstaff of Res Nullius {venom, rC+ MR+ Str-4 Int+2} (You found it on level 5 of the Dungeon)
  5031 | D:5      | Noticed Crazy Yiuf
  5040 | D:5      | Killed Crazy Yiuf
  5272 | D:6      | Noticed Edmund
  5281 | D:6      | Killed Edmund
  5281 | D:6      | Reached XP level 8. HP: 65/71 MP: 8/8
  5381 | D:6      | Gained mutation: Your mind is very acute. (Int +4) [Jiyva's grace]
  5441 | D:6      | Reached skill level 8 in Unarmed Combat
  5454 | D:6      | Reached skill level 5 in Dodging
  5661 | D:6      | Found a radiant altar of Vehumet.
  5701 | D:6      | Reached skill level 9 in Unarmed Combat
  5815 | D:6      | Found Elaomoidid's Distillery.
  5820 | D:6      | Reached XP level 9. HP: 61/79 MP: 9/9
  5846 | D:6      | Gained mutation: Your body is partially covered in golden eyeballs (Acc +3). [Jiyva's grace]
  5948 | D:6      | Lost mutation: Your mind is very acute. (Int +4) [Jiyva's grace]
  6072 | D:7      | Lost mutation: Your mind is acute. (Int +2) [Jiyva's grace]
  6130 | D:7      | Noticed hornqvist's ghost (experienced SpAs)
  6137 | D:7      | Killed hornqvist's ghost
  6137 | D:7      | Reached skill level 10 in Unarmed Combat
  6201 | D:7      | Lost mutation: Your wings are large and strong. [Jiyva's grace]
  6226 | D:7      | Noticed Sigmund
  6236 | D:7      | Killed Sigmund
  6329 | D:7      | Gained mutation: Thin tendrils of slime have grown from your body. [Jiyva's grace]
  6353 | D:7      | Found an ancient bone altar of Kikubaaqudgha.
  6355 | D:7      | Found an iron altar of Okawaru.
  6555 | D:7      | Gained mutation: You are resistant to electric shocks. [Jiyva's grace]
  7092 | D:8      | Reached skill level 13 in Fighting
  7092 | D:8      | Reached XP level 10. HP: 73/101 MP: 10/10
  7131 | D:8      | Lost mutation: Your natural rate of healing is unusually fast. [Jiyva's grace]
  7184 | D:8      | Cast into the Abyss (orc)
  7229 | Abyss:2  | Noticed a large abomination
  7247 | Abyss:2  | Killed a large abomination
  7247 | Abyss:2  | Was placed under penance by Jiyva
  7247 | Abyss:2  | Reached XP level 11. HP: 34/107 MP: 11/11
  7306 | Abyss:3  | Found a corrupted altar of Lugonu.
  7356 | Abyss:3  | Noticed a thrashing horror
  7357 | Abyss:3  | Noticed a thrashing horror
  7357 | Abyss:3  | Noticed a thrashing horror
  7369 | Abyss:3  | Noticed a starcursed mass
  7442 | Abyss:3  | Found a corrupted altar of Lugonu.
  7450 | Abyss:3  | Fell from the grace of Jiyva
  7450 | Abyss:3  | Became a worshipper of Lugonu the Unformed
  7450 | Abyss:3  | Acquired Lugonu's first power
  7451 | D:8      | Escaped the Abyss
  8201 | D:8      | Found a staircase to the Lair.
  8220 | D:8      | Found a snail-covered altar of Cheibriados.
  8286 | D:8      | Acquired Lugonu's second power
  8796 | Lair:1   | Entered Level 1 of the Lair of Beasts
  8814 | Lair:1   | Slain by a komodo dragon

Action                   |  1- 3 |  4- 6 |  7- 9 | 10-12 || total
-------------------------+-------+-------+-------+-------++-------
Melee: Unarmed           |   115 |   283 |   367 |   191 ||   956
Invok: Request Jelly     |       |       |     2 |     1 ||     3
       Depart the Abyss  |       |       |       |     1 ||     1
 Abil: Breathe Fire      |       |       |    10 |     7 ||    17
  Use: Scroll            |       |     5 |     3 |     8 ||    16
       Potion            |       |     8 |     2 |     2 ||    12
 Stab: Sleeping          |       |       |     1 |       ||     1
       Confused          |       |       |     2 |     4 ||     6
  Eat: Chunk             |     2 |     6 |       |       ||     8
       Fruit             |       |     1 |       |       ||     1
